 Dungeon Crawl Stone Soup version 0.24.0-13-gcf9b3192b9 (webtiles) character file.

Game seed: 6001273280442989875, levelgen mode: deterministic

256 Kuinu the Chopper (level 5, 0/48 HPs)
             Began as a Minotaur Berserker on Nov 8, 2019.
             Was a Believer of Trog.
             Succumbed to a gnoll sergeant's poison
             ... on level 3 of the Dungeon.
             The game lasted 00:07:14 (2127 turns).

Kuinu the Chopper (Minotaur Berserker)              Turns: 2127, Time: 00:07:15

Health: 0/48       AC: 10    Str: 23    XL:     5   Next: 92%
Magic:  4/4        EV: 11    Int:  4    God:    Trog [**....]
Gold:   100        SH:  0    Dex:  9    Spells: 4/4 levels left

rFire    + . .     SeeInvis .   a - +0 hand axe
rCold    . . .     Gourm    .   (no shield)
rNeg     + . .     Faith    .   t - +2 scale mail {rN+}
rPois    .         Spirit   .   (helmet restricted)
rElec    .         Reflect  .   (no cloak)
rCorr    .         Harm     .   g - +0 pair of gloves
MR       ++...                  (no boots)
Stlth    ..........             (no amulet)
HPRegen  1.16/turn              q - ring of protection from fire
MPRegen  0.09/turn              (no ring)

@: lethally poisoned (0 -> -1), berserk cooldown, regenerating, slowed, very
slow
A: retaliatory headbutt, horns 2
a: Berserk, Trog's Hand, Renounce Religion


You were on level 3 of the Dungeon.
You worshipped Trog.
Trog was pleased with you.
You were not hungry.

You visited 1 branch of the dungeon, and saw 3 of its levels.

You collected 100 gold pieces.

Inventory:

Hand Weapons
 a - a +0 hand axe (weapon)
Armour
 b - a +0 animal skin
 d - a +0 leather armour
 g - a +0 pair of gloves (worn)
 h - a +0 chain mail
 o - a +0 buckler
 t - a +2 scale mail of positive energy (worn)
 v - a +0 pair of gloves
Jewellery
 q - a ring of protection from fire (left hand)
Scrolls
 e - a scroll of fear {unknown}
 f - a scroll of teleportation {unknown}
 i - 4 scrolls of identify
 k - a scroll of amnesia {unknown}
 l - a scroll of blinking
 n - 2 scrolls of noise
 r - a scroll of remove curse {unknown}
 s - a scroll of magic mapping {unknown}
 u - a scroll of random uselessness {unknown}
Potions
 j - 5 potions of magic {unknown}
 m - a potion of invisibility {unknown}
 p - 4 potions of curing {unknown}
 w - a potion of haste {unknown}
Comestibles
 c - 3 rations


   Skills:
 * Level 5.4 Fighting
 * Level 5.5 Axes
 + Level 3.7 Armour
 + Level 3.4 Dodging


You had 4 spell levels left.
You didn't know any spells.
Your spell library was empty.

Dungeon Overview and Level Annotations

Branches:
Dungeon (3/15)

Altars:
Okawaru
Trog
Vehumet
Zin

Annotations:
D:3 1 transporter, Zleub's ghost, weakling TrMo


Innate Abilities, Weirdness & Mutations

You reflexively headbutt those who attack you in melee.
You have a pair of horns on your head.


Message History

The gnoll is almost dead.
You hit the plant but do no damage.
* * * LOW HITPOINT WARNING * * *
You feel sick.
You slash the gnoll!
You kill the gnoll!
Trog accepts your kill.
You hit the plant.
* * * LOW HITPOINT WARNING * * *
You feel sick.
* * * LOW HITPOINT WARNING * * *
You feel sick.
Things that are here:
a +1 trident of venom; a +4 ring mail; a +0 buckler
o - a +0 buckler You feel a strong urge to attack something.
You are no longer berserk.
You are exhausted.
You feel yourself slow down.
You die...

#..≈≈≈≈≈≈≈≈≈≈≈...≈≈≈≈≈≈≈≈≈≈≈.#
#..≈≈≈≈≈≈≈≈≈≈≈...≈≈≈≈≈≈≈≈≈≈≈..
#..≈≈#####...........#####≈≈..
###..≈≈#..g#.###.©.###.#..g#≈≈..
##....≈≈#...###.#####©###...#≈≈..
#.....≈≈###...............###≈≈..
......≈≈.8#.##'###'######.#8.≈≈..
......≈≈.##.#P.P#%.8# .#.##.≈≈..
......≈≈.#..'...@.©⌠# '.g#.≈≈(.
......≈≈.##.#P.P#P)8# .#.##.≈≈..
.<....≈≈.8#.##'###'######.#8.≈≈..
#.....≈≈###..........g.g..###≈≈..
......≈≈#...###.#####.###ggg#≈≈..
......≈≈#...#.###.©.###.#.Wg#≈≈..
......≈≈#####...........#####≈≈..
......≈≈≈≈≈≈≈≈≈≈≈≈≈≈≈≈≈≈≈≈≈≈≈≈≈..
......≈≈≈≈≈≈≈≈≈≈≈≈≈≈≈≈≈≈≈≈≈≈≈≈≈..


There were no monsters in sight!

Vanquished Creatures
  A bullfrog (D:3)
  A gnoll sergeant (D:3)
  2 gnolls (D:3)
  4 adders
  2 worms
  4 dart slugs
  A leopard gecko (D:3)
  6 orcs (D:3)
  8 bats
  2 giant cockroaches
  10 goblins
  7 hobgoblins
  2 jackals (D:2)
  4 kobolds
  A quokka (D:3)
  4 frilled lizards
  5 rats
64 creatures vanquished.

Vanquished Creatures (others)
  A plant (D:3)
1 creature vanquished.

Grand Total: 65 creatures vanquished

Notes
Turn   | Place    | Note
-------+----------+-------------------------------------------
     0 | D:1      | Kuinu the Minotaur Berserker began the quest for the Orb.
     0 | D:1      | Reached XP level 1. HP: 19/19 MP: 0/0
   122 | D:1      | Reached XP level 2. HP: 9/27 MP: 1/1
   718 | D:2      | Reached XP level 3. HP: 33/33 MP: 2/2
   830 | D:2      | Found a radiant altar of Vehumet.
  1053 | D:2      | Reached ** piety under Trog
  1329 | D:3      | Found a glowing silver altar of Zin.
  1393 | D:3      | Reached XP level 4. HP: 36/41 MP: 3/3
  1433 | D:3      | Noticed a bullfrog
  1438 | D:3      | Killed a bullfrog
  1438 | D:3      | Reached skill level 5 in Axes
  1438 | D:3      | Reached XP level 5. HP: 43/47 MP: 4/4
  1556 | D:3      | Reached skill level 5 in Fighting
  1595 | D:3      | Found a bloodstained altar of Trog.
  1616 | D:3      | Found an iron altar of Okawaru.
  1768 | D:3      | Found a transporter.
  1794 | D:3      | Found a transporter.
  1812 | D:3      | Noticed Zleub's ghost (weakling TrMo)
  2120 | D:3      | HP: 3/72 [gnoll/+0 halberd (11)]
  2123 | D:3      | HP: 1/72 [poisoned by a gnoll sergeant]
  2127 | D:3      | Succumbed to a gnoll sergeant's poison

Levels and vault maps discovered:
D:1:      minmay_arrival_checkered_box, layout_basic
D:2:      layout_loops_cross, fiery_altar_vehumet
D:3:      layout_rooms, minitemple, old_standard_altar,
          gammafunk_ghost_gnarly_gnolls, serial_bayou, serial_bayou_pond_e,
          serial_bayou_lake_a, serial_bayou_pond_c, serial_bayou_shore_b,
          chequers_serial_rivers_small_a

Skill      XL: |  1  2  3  4  5 |
---------------+----------------+-----
Axes           | 4 5 |  5.5
Fighting       | 4 5 |  5.4
Armour         | 3 |  3.7
Dodging        | 3 |  3.4

Action                   |  1- 3 |  4- 6 || total
-------------------------+-------+-------++-------
Melee: Hand axe          |    82 |    51 ||   133
       Headbutt          |    15 |     9 ||    24
Invok: Berserk           |       |     2 ||     2
       Trog's Hand       |       |     1 ||     1
  Use: Scroll            |     2 |       ||     2
  Eat: Chunk             |     2 |     2 ||     4
       Ration            |       |     1 ||     1
Armor: Animal skin       |     1 |       ||     1
       Chain mail        |    36 |    10 ||    46
       Scale mail        |       |    25 ||    25
Dodge: Dodged            |    42 |    31 ||    73
